← All builds
Suicide front / Armada / Factory first / OBSERVED BUILD

Standard suicide front

Armada Suicide front build order · Supreme Isthmus

The role's standard play: bot lab first, Rocketeer/Centurion/Pawn based force pushes into the middle to contest and hold it until T2 arrives.

Usually lab first (63%)

#rush #push · 1309 distinct matches · 127 players · 71% of Armada Suicide front games · team won 59% of 1550 · Recently observed

HOW TO PLAY IT

Key timing: Bot Lab by 0:20

  1. Open with mex and wind, drop Bot Lab immediately.
  2. Push out first "Centurion" as Pond's boost lands.
  3. Send "Rocketeer", "Centurion", "Pawn" mix to contest middle.
  4. Add Dragon's Teeth and Sentries to hold the line.
  5. Get Advanced Metal Extractor up as T2 nears.

Phase by phase

TYPICAL OF ITS 1309 GAMES
  1. 1
  2. 2
  3. 3
PLAY THE OPENING

Follow the example game's first 6:00 step by step: what to build now, what comes next, and where it goes. At 1× it keeps pace with your own game.

  1. 1

    Bot Lab first

    Order
    1. Bot LabBot Lab done ~0:20, middle half 0:20–0:33

    Some games also: mex (37%)

  2. 2

    Bot Lab to 5:00

    Economy
    • Metal Extractor5Mex
    • Wind Turbine4Wind
    Builders
    • Construction Bot3 Con bot
    • Lazarus2 Lazarus
    Army
    • Sentry4 Sentry
    • Rocketeer17 Rocketeer
    • Tick2 Tick
    • Centurion1 Centurion
    Other
    • Radar Tower1 Radar Tower

    Some games also: con turret (35%) · pawn (33%)

    By 5:00 in all: 5 mex · 4 wind

    The example game in this phase · 35 steps
    1. TickTick
    2. Mex
    3. TickTick
    4. Wind
    5. TickTick
    6. Wind
    7. PawnPawn
    8. Wind
    9. TickTick
    10. Wind
    11. TickTick ×2
    12. PawnPawn
    13. LazarusLazarus
    14. Construction BotCon bot ×3
    15. RocketeerRocketeer
    16. SentrySentry
    17. RocketeerRocketeer ×4
    18. Mex
    19. TickTick
    20. RocketeerRocketeer ×4
    21. Mex
    22. RocketeerRocketeer
    23. TickTick
    24. RocketeerRocketeer ×5
    25. SentrySentry
    26. TickTick
    27. RocketeerRocketeer ×2
    28. SentrySentry
    29. RocketeerRocketeer ×2
    30. SentrySentry
    31. RocketeerRocketeer
    32. TickTick
    33. RocketeerRocketeer ×6
    34. TickTick
    35. LazarusLazarus
  3. 3

    5:00 to 10:00

    Economy
    • Metal Extractor1Mex
    • Wind Turbine17Wind
    Builders
    • Construction Turret2 Con turret
    • Lazarus2 Lazarus
    • Construction Bot1 Con bot
    Army
    • Sentry1 Sentry
    • Rocketeer8 Rocketeer
    • Pawn1 Pawn

    Some games also: tick (47%) · Radar Tower (46%) · energy storage (46%) · centurion (45%) · Beamer (39%)

    By 10:00 in all: 6 mex · 23 wind · 1 energy storage · 3 con turret

    The example game in this phase · 109 steps
    1. LazarusLazarus
    2. RocketeerRocketeer ×6
    3. TickTick
    4. RocketeerRocketeer
    5. Mex
    6. RocketeerRocketeer ×4
    7. TickTick
    8. RocketeerRocketeer ×4
    9. LazarusLazarus
    10. RocketeerRocketeer
    11. Radar TowerRadar Tower
    12. TickTick
    13. RocketeerRocketeer
    14. TickTick
    15. RocketeerRocketeer
    16. TickTick
    17. RocketeerRocketeer
    18. TickTick
    19. RocketeerRocketeer ×2
    20. TickTick
    21. Construction BotCon bot
    22. Advanced Metal ExtractorT2 mexdone 9:09 · typical 9:36
    23. TickTick
    24. Construction BotCon bot
    25. SentrySentry
    26. TickTick
    27. RocketeerRocketeer
    28. Wind
    29. RocketeerRocketeer
    30. Wind
    31. Mex
    32. RocketeerRocketeer ×2
    33. Wind
    34. RocketeerRocketeer
    35. Wind
    36. TickTick
    37. SentrySentry
    38. RocketeerRocketeer
    39. Wind
    40. RocketeerRocketeer ×2
    41. Wind
    42. Advanced Metal ExtractorT2 mex
    43. RocketeerRocketeer
    44. Wind
    45. RocketeerRocketeer
    46. TickTick
    47. Wind
    48. RocketeerRocketeer ×2
    49. Wind
    50. NettleNettle
    51. RocketeerRocketeer
    52. Wind
    53. Construction BotCon bot
    54. Wind ×3
    55. Construction BotCon bot
    56. Advanced Metal ExtractorT2 mex
    57. Wind
    58. Construction BotCon bot
    59. Wind
    60. Construction BotCon bot
    61. RocketeerRocketeer
    62. Wind
    63. RocketeerRocketeer
    64. TickTick
    65. Wind
    66. RocketeerRocketeer ×2
    67. Wind
    68. Pit BullPit Bull
    69. SentrySentry
    70. RocketeerRocketeer ×2
    71. BeamerBeamer ×2
    72. RocketeerRocketeer
    73. BeamerBeamer
    74. TickTick
    75. Pit BullPit Bull
    76. RocketeerRocketeer ×2
    77. Wind
    78. RocketeerRocketeer
    79. Advanced Metal ExtractorT2 mex
    80. RocketeerRocketeer
    81. Wind
    82. RocketeerRocketeer
    83. Wind
    84. Pit BullPit Bull
    85. TickTick
    86. RocketeerRocketeer
    87. Wind
    88. RocketeerRocketeer
    89. Wind
    90. RocketeerRocketeer
    91. Wind ×4
    92. RocketeerRocketeer
    93. Wind ×4
    94. RocketeerRocketeer
    95. Wind
    96. NettleNettle
    97. Wind ×2
    98. TickTick
    99. Wind ×2
    100. RocketeerRocketeer
    101. Pit BullPit Bull
    102. Wind ×3
    103. RocketeerRocketeer
    104. Wind ×4
    105. RocketeerRocketeer
    106. Wind
    107. Pit BullPit Bull
    108. RocketeerRocketeer
    109. Wind

Counts are medians over the build's games: half of them build more, half fewer. The example game is Lincrono's (39 OS, 02/09/2026); pick another.

Team trades

IN AT LEAST 30% OF ITS GAMES

You hand over

Nothing regular.

You get

  • Tidal Generator4 Tidal from Pondfirst at 0:10 · in 69% of games
  • Advanced Construction Bot1 T2 con bot from Geo or Techfirst at 7:30 · in 59% of games

How it plays out

Typical game of this build, running totals by minute

Metal produced

010k20k30k
0:005:0010:0015:00

metal

Enemy metal destroyed

05k10k
0:005:0010:0015:00

metal

Own metal lost

05k10k
0:005:0010:0015:00

metal

1550 games.

Show as table
ByMetal produced: This buildEnemy metal destroyed: This buildOwn metal lost: This build
1:0022600
2:0088900
3:002051180106
4:003161660496
5:00424314171026
6:00543423001787
7:00667231752706
8:00792440303613
9:00931647974495
10:001069854325318
11:001225359116059
12:001410665186829
13:001622670297536
14:001809577098373
15:002043283489240
WHAT THE NUMBERS SAY

Standard suicide front play wins slightly more than half its games with fast kills but also fast losses, matching the raw grind of the role.

  • + First kill lands by 2:04 in all games
  • + Metal produced reaches 19882 by 15:00
  • − Own metal lost hits 9208 by 15:00, near metal destroyed of 8172
  • − First unit lost as early as 2:08 in every game
THE EXAMPLE YOU ARE READING

Lincrono

38.5 OS · 02/09/2026

Open source match ↗

6 received units · includes a constructor
97 metal received · 7144 energy received

Allied construction assistance is unknown. Timings are observations, not a promise of solo reproducibility.

Typical milestones

Bot Lab0:20Middle 50%: 0:20–0:33 · n=1543
Advanced Metal Extractor9:36Middle 50%: 8:42–10:48 · n=1143

Played most by

_X_253games of this buildPlatinumBlonde181games of this buildXad127games of this buildImmort74games of this buildwatermeloans60games of this build